Cogmind - Beta 13 @@@ ROGUE MODE // 2024.06.06 @ 17:29:22 Player: celerysam Result: Destroyed by H-61 Shepherd with Heavy Assault Cannon Performance ------------- Evolutions (3) 1500 Regions Visited (5) 1000 Robots Destroyed (40) 200 Value Destroyed (1507) 1507 Prototype IDs (11) 220 Alien Tech Used (0) 0 Bonus (256) 256 TOTAL SCORE: 4683 Bonus ------- Pacifist 200 High Alert Combat Kills 56 Cogmind --------- Core Integrity 0/700 Matter 77/300 Energy 99/100 System Corruption 5% Temperature Cool (0) Movement Core (50) Location -7/Factory Parts ------- > --- POWER (3) -------- (None) > --- PROPULSION (4) --- (None) > --- UTILITY (4) ------ (None) > --- WEAPON (2) ------- (None) > --- INVENTORY (5) ---- Targeting Computer Hacking Suite Gauss Cannon Mace Peak State ------------ > --- POWER ------------ Light Deuterium Engine Light Deuterium Engine Improved Deuterium Engine > --- PROPULSION ------- Light Treads Advanced Treads Improved Flight Unit Improved Flight Unit > --- UTILITY ---------- Medium Storage Unit Shock Absorption System Corruption Screen Improved Recalibrator > --- WEAPON ----------- Flak Gun Mini Assault Cannon > --- INVENTORY -------- Light Deuterium Engine Improved Power Shielding Propulsion Shielding Improved Assault Rifle Minigun Flak Gun Gauss Cannon Heavy Missile Launcher Heavy Missile Launcher Mace [Rating: 47] Favorites ----------- Power Light Deuterium Engine Engine Light Deuterium Engine Power Core Light Nuclear Core Propulsion Improved Flight Unit Treads Light Treads Leg Improved Titanium Leg Flight Unit Improved Flight Unit Utility Corruption Screen Device Improved Recalibrator Storage Small Storage Unit Processor Corruption Screen Protection Improved Power Shielding Weapon Mini Assault Cannon Energy Gun Improved Medium Laser Ballistic Gun Assault Rifle Ballistic Cannon Mini Assault Cannon Launcher Heavy Missile Launcher Impact Weapon Mace Build | -11 -10 -9 -9 -8 -7 ------- Run | Yrd Mat Mat Sto Mat Fac Slots Evolved 6 | . . 2 . 2 2 Power 2 | . . . . 1 1 Propulsion 2 | . . 1 . 1 . Utility 2 | . . 1 . . 1 Weapon . | . . . . . . Parts Attached 69 | 6 . 11 5 30 17 Power 13 | 1 . 3 . 5 4 Engine 10 | 1 . 3 . 3 3 Core 3 | . . . . 2 1 Reactor . | . . . . . . Propulsion 18 | 2 . 6 . 8 2 Treads 4 | 2 . . . 1 1 Leg 5 | . . . . 4 1 Wheel . | . . . . . . Hover . | . . . . . . Flight 9 | . . 6 . 3 . Utility 13 | 1 . 1 2 6 3 Device 6 | . . 1 2 1 2 Storage 2 | 1 . . . 1 . Processor 1 | . . . . 1 . Hackware . | . . . . . . Protection 4 | . . . . 3 1 Artifact . | . . . . . . Weapon 25 | 2 . 1 3 11 8 Energy Gun 6 | . . 1 1 2 2 Energy Cannon . | . . . . . . Ballistic Gun 9 | 2 . . 2 1 4 Ballistic Cannon 5 | . . . . 5 . Launcher 3 | . . . . 1 2 Special Weapon . | . . . . . . Impact Weapon 2 | . . . . 2 . Slashing Weapon . | . . . . . . Piercing Weapon . | . . . . . . Special Melee Weapon . | . . . . . . Unidentified Prototypes 7 | . . 2 1 3 1 Parts Lost 28 | . . . 2 5 21 Power 6 | . . . 1 . 5 Propulsion 10 | . . . . 5 5 Utility 3 | . . . . . 3 Weapon 9 | . . . 1 . 8 Highest Loss Streak 12 | . . . 2 3 12 To Critical Strikes . | . . . . . . Average Slot Usage (%) 79 | . 85 67 73 93 67 Engine 11 | . 14 11 8 9 13 Core 2 | . . . . 6 . Treads 6 | . 28 1 . 3 6 Leg 8 | . . . . 20 . Flight 10 | . . 31 33 9 8 Device 5 | . . 1 9 1 9 Storage 8 | . 14 11 11 9 6 Processor 6 | . . . . 8 6 Protection 3 | . . . . 6 . Energy Gun 1 | . . . 1 1 1 Ballistic Gun 6 | . 28 12 9 1 5 Ballistic Cannon 5 | . . . . 9 4 Launcher 1 | . . . . 1 . Impact Weapon 1 | . . . . 2 . Naked Turns 6 | . . . . . 6 Heaviest Build 44 | 14 14 15 15 36 44 Greatest Support 80 | 40 40 15 15 80 42 Greatest Overweight (x) 14 | 3 . 1 . 1 14 Average Overweight (x) . | . . . . . 1 Largest Inventory Capacity 10 | 8 8 8 8 10 10 Average Capacity 8 | 7 8 8 8 8 9 Most Carried 10 | 7 7 8 8 10 10 Average Carried 7 | 5 6 7 7 8 8 Final Capacity 10 | 8 8 8 8 10 5 Final Carried 10 | 6 7 8 8 10 4 Class Distribution -------------------- 90% | Mutant 9% | Scavenger-Mutant Dominant Class ---------------- Mutant | -10/Materials Mutant | -9/Materials Mutant | -9/Storage Mutant | -8/Materials Mutant | -7/Factory Resources | -11 -10 -9 -9 -8 -7 ----------- Run | Yrd Mat Mat Sto Mat Fac Matter Collected 1194 | 227 . . 13 755 199 Remotely . | . . . . . . Salvage Created 1248 | . . . 73 828 347 Parts 55 | . . . 3 35 17 Haulers Intercepted 2 | . . . . 2 . Recyclers Shooed . | . . . . . . Parts Field Recycled . | . . . . . . Retrieved Matter . | . . . . . . Parts Self-Destructed . | . . . . . . Prevented . | . . . . . . Kills | -11 -10 -9 -9 -8 -7 ------- Run | Yrd Mat Mat Sto Mat Fac Combat Hostiles Destroyed 30 | . . . 2 17 11 Melee 2 | . . . . 2 . Guns 6 | . . . 2 1 3 Cannons 10 | . . . . 8 2 AOE 9 | . . . . 3 6 Classes Destroyed 12 | . . . 2 7 3 Worker 2 | . . . . 1 1 Builder 2 | . . . . 1 1 Hauler 2 | . . . . 2 . Recycler 2 | . . . . 2 . Mechanic 1 | . . . . 1 . Operator 1 | . . . . 1 . Swarmer 1 | . . . 1 . . Grunt 18 | . . . . 12 6 Sentry 7 | . . . 1 5 1 Specialist 2 | . . . . . 2 Hunter 1 | . . . . . 1 Programmer 1 | . . . . . 1 Best Kill Streak 9 | . . . 2 6 9 Combat Bots Only 7 | . . . 2 3 7 Max Kills in Single Turn 4 | . . . 1 2 4 Gunslinging . | . . . . . . Exploded 4 | . . . . 2 4 Melee 1 | . . . . 1 . Uniques/NPCs Destroyed . | . . . . . . Combat | -11 -10 -9 -9 -8 -7 -------- Run | Yrd Mat Mat Sto Mat Fac Hostile Shots Fired 495 | . 7 5 74 145 264 Missed 162 | . 3 3 34 47 75 Damage Taken 4871 | . 44 26 460 1541 2800 Core 1157 | . . 14 157 241 745 Absorbed by Shields . | . . . . . . Redirected to Shielding 117 | . . . . 117 . Core Remaining (%) 78 | 100 100 . 57 56 . Volleys Fired 93 | . 2 . 10 36 45 Largest 2 | . 2 . 1 2 2 Hottest 104 | . 40 . 56 104 76 Shots Fired 131 | . 4 . 10 63 54 Gun 68 | . 4 . 10 13 41 Cannon 51 | . . . . 42 9 Launcher 12 | . . . . 8 4 Special . | . . . . . . Kinetic 103 | . 4 . 9 46 44 Thermal 16 | . . . 1 9 6 Explosive 12 | . . . . 8 4 Electromagnetic . | . . . . . . Robot Hit Streak 10 | . . . 6 10 10 Robot Miss Streak 8 | . 4 . 2 4 8 Penetration Max . | . . . . . . Secondary Targets . | . . . . . . Shots Hit Robots 114 | . . . 8 60 46 Core Hits 74 | . . . 3 31 40 Critical Kills . | . . . . . . Critical Parts Destroyed 2 | . . . . 2 . Critical Strikes 11 | . . . 1 7 3 Burn 3 | . . . 1 1 1 Blast 6 | . . . . 4 2 Smash 2 | . . . . 2 . Melee Attacks 27 | . . . . 27 . Impact 27 | . . . . 27 . Slashing . | . . . . . . Piercing . | . . . . . . Sneak Attacks 2 | . . . . 2 . Combat Hostiles 1 | . . . . 1 . Follow-up Attacks . | . . . . . . Damage Inflicted 4003 | . 12 . 94 2454 1443 Guns 873 | . 12 . 94 135 632 Cannons 982 | . . . . 759 223 Explosions 1372 | . . . . 784 588 Melee 776 | . . . . 776 . Ramming . | . . . . . . Kinetic 1634 | . 12 . 78 793 751 Thermal 221 | . . . 16 101 104 Explosive 1372 | . . . . 784 588 Electromagnetic . | . . . . . . Impact 776 | . . . . 776 . Slashing . | . . . . . . Piercing . | . . . . . . Highest Corruption 5 | . . . . . 5 Average Corruption 3 | . . . . . 3 Corruption Purged . | . . . . . . Corruption Blocked . | . . . . . . Effects 1 | . . . . . 1 Heat Flow Errors 1 | . . . . . 1 Overload Shots . | . . . . . . Overflow Damage 215 | . . . . 211 4 Projectiles 5 | . . . . 1 4 Explosions . | . . . . . . Melee 210 | . . . . 210 . Knockbacks 22 | . . . . 20 2 Impact 7 | . . . . 7 . Kinetic 10 | . . . . 8 2 Secondary 5 | . . . . 5 . Self-Inflicted Damage 43 | . . . . 3 40 Shots 2 | . . . . 1 1 Rammed 1 | . . . . . 1 Targets Rammed 1 | . . . . . 1 Kicked . | . . . . . . Crushed . | . . . . . . Highest Temperature 415 | . . . 24 415 350 Average Temperature 90 | . . . 11 81 126 Received Heat Transfer 1869 | . 24 6 132 810 897 Effects 3 | . . . . 1 2 Shutdowns 1 | . . . . . 1 Interference 1 | . . . . 1 . Short Circuit 1 | . . . . . 1 Siege Activations . | . . . . . . Robots Corrupted . | . . . . . . Combat Hostiles . | . . . . . . Parts Fried 6 | . . . . 6 . Impact Corruptions 9 | . . . . 9 . Robots Melted . | . . . . . . Combat Hostiles . | . . . . . . Parts Melted . | . . . . . . Heat Transferred 703 | . . . 111 296 296 Parts Sabotaged . | . . . . . . Parts Stolen . | . . . . . . Parts Stripped . | . . . . . . Power Chain Reactions . | . . . . . . Alert | -11 -10 -9 -9 -8 -7 ------- Run | Yrd Mat Mat Sto Mat Fac Peak Influence 583 | . 35 89 211 583 252 Initial 207 | . . 14 37 89 207 Average 196 | . 9 44 120 330 179 Maximum Alert Level 2 | . . . 1 2 1 Low Security (%) 49 | 100 100 100 84 25 41 Level 1 34 | . . . 15 32 58 Level 2 15 | . . . . 41 . Level 3 . | . . . . . . Level 4 . | . . . . . . Level 5 . | . . . . . . High Security . | . . . . . . Max Security . | . . . . . . Squads Dispatched 10 | . 1 . 1 3 5 Investigation 4 | . . . 1 2 1 Extermination 1 | . . . . . 1 Reinforcement 5 | . 1 . . 1 3 Assault . | . . . . . . Garrison . | . . . . . . Intercept . | . . . . . . Searches Triggered . | . . . . . . Construction Impeded 3 | . . . . 1 2 Haulers Reinforced . | . . . . . . Active Scanning Responses . | . . . . . . Cargo Convoy Interrupts . | . . . . . . Stealth | -11 -10 -9 -9 -8 -7 --------- Run | Yrd Mat Mat Sto Mat Fac Distress Signals 2 | . . . 1 1 . Communications Jammed . | . . . . . . Distress Signals . | . . . . . . Times Spotted 60 | . 4 6 10 26 14 Peak Tracking Total 11 | . 3 7 11 4 7 Tactical Retreats 4 | . . . 1 3 . Traps | -11 -10 -9 -9 -8 -7 ------- Run | Yrd Mat Mat Sto Mat Fac Traps Triggered . | . . . . . . Indirectly . | . . . . . . Trap Hack Attempts . | . . . . . . Triggered . | . . . . . . Disarmed . | . . . . . . Reprogrammed 6 | . . . . 6 . Reused 3 | . . . . 3 . Traps Extracted . | . . . . . . Installed . | . . . . . . Triggered 3 | . . . . 3 . Machines | -11 -10 -9 -9 -8 -7 ---------- Run | Yrd Mat Mat Sto Mat Fac Machines Disabled 1 | . . . . 1 . Max in Single Turn 1 | . . . . 1 . Machines Repaired . | . . . . . . Machines Dismantled . | . . . . . . Machines Sabotaged . | . . . . . . Overloaded Fab Kills . | . . . . . . Hacking | -11 -10 -9 -9 -8 -7 --------- Run | Yrd Mat Mat Sto Mat Fac Machines Accessed 9 | . 1 . 3 4 1 Terminals 9 | . 1 . 3 4 1 Fabricators . | . . . . . . Repair Stations . | . . . . . . Recycling Units . | . . . . . . Scanalyzers . | . . . . . . Garrison Access . | . . . . . . Total Hacks 29 | . 1 . 9 13 6 Successful 18 | . 1 . 6 8 3 Failed 11 | . . . 3 5 3 Catastrophic 2 | . . . . 2 . Database Lockouts . | . . . . . . Manual 4 | . . . 1 2 1 Terminals 29 | . 1 . 9 13 6 Fabricators . | . . . . . . Repair Stations . | . . . . . . Recycling Units . | . . . . . . Scanalyzers . | . . . . . . Garrison Access . | . . . . . . Terminal Hacks 18 | . 1 . 6 8 3 Record 1 | . . . . 1 . Part Schematic 1 | . . . . . 1 Robot Analysis 1 | . . . . . 1 Prototype ID Bank 2 | . . . 2 . . Alert Level 3 | . . . 1 2 . Locate Traps 3 | . . . 1 2 . Reprogram Traps 1 | . . . . 1 . Investigation Status 1 | . . . . 1 . Assault Status 1 | . . . . . 1 Recall Investigation 1 | . . . . 1 . Zone Layout 3 | . 1 . 2 . . Fabricator Hacks . | . . . . . . Repair Station Hacks . | . . . . . . Recycling Unit Hacks . | . . . . . . Scanalyzer . | . . . . . . Garrison Access Hacks . | . . . . . . Unauthorized Hacks . | . . . . . . Terminals . | . . . . . . Fabricators . | . . . . . . Repair Stations . | . . . . . . Recycling Units . | . . . . . . Scanalyzers . | . . . . . . Garrison Access . | . . . . . . Data Cores Recovered 1 | . . . . 1 . Used 1 | . . . . 1 . Hacking Detections 6 | . . . 1 4 1 Full Trace Events 5 | . . . 1 3 1 Feedback Events . | . . . . . . Feedback Blocked . | . . . . . . Robot Schematics Acquired . | . . . . . . Robots Built . | . . . . . . Authchips . | . . . . . . Time . | . . . . . . Total Robot Build Rating . | . . . . . . Part Schematics Acquired 1 | . . . . . 1 Parts Built . | . . . . . . Authchips . | . . . . . . Time . | . . . . . . Total Part Build Rating . | . . . . . . Parts Repaired . | . . . . . . Time . | . . . . . . Parts Recycled . | . . . . . . Recycled Matter . | . . . . . . Retrieved Matter . | . . . . . . Retrieved Components . | . . . . . . Parts Scanalyzed . | . . . . . . Part Schematics Acquired . | . . . . . . Parts Damaged . | . . . . . . Bothacking | -11 -10 -9 -9 -8 -7 ------------ Run | Yrd Mat Mat Sto Mat Fac Used RIF Installer . | . . . . . . Robots Hacked . | . . . . . . Non-combat . | . . . . . . Combat . | . . . . . . Robot Hacks Applied . | . . . . . . Relay Couplers Released . | . . . . . . Fabnet Peak Effective % . | . . . . . . Robots Rewired . | . . . . . . Allies Hacked . | . . . . . . Hacks Repelled . | . . . . . . Allies | -11 -10 -9 -9 -8 -7 -------- Run | Yrd Mat Mat Sto Mat Fac Total Allies . | . . . . . . Largest Group . | . . . . . . Highest-Rated Group . | . . . . . . Highest-Rated Ally . | . . . . . . Total Orders . | . . . . . . Ally Attacks . | . . . . . . Total Damage . | . . . . . . Kills . | . . . . . . Allies Corrupted . | . . . . . . Allies Melted . | . . . . . . Intel | -11 -10 -9 -9 -8 -7 ------- Run | Yrd Mat Mat Sto Mat Fac Robot Analysis Total 1 | . . . . . 1 Derelict Logs Recovered . | . . . . . . Drone Launches . | . . . . . . Drone Recoveries . | . . . . . . Exploration | -11 -10 -9 -9 -8 -7 ------------- Run | Yrd Mat Mat Sto Mat Fac Turns Passed 2329 | 215 193 105 91 871 854 Spaces Moved 1341 | 87 110 241 178 393 332 Core 98 | 22 . . . . 76 Treads 531 | 65 110 . . 111 245 Legs 270 | . . . . 259 11 Wheels . | . . . . . . Hover . | . . . . . . Flight 442 | . . 241 178 23 . Fastest Speed 34 | 50 160 34 34 34 50 Average Speed 131 | 148 160 34 34 151 215 Slowest Speed 750 | 200 160 112 34 225 750 Overloaded Moves . | . . . . . . Propulsion Burnouts . | . . . . . . Robots Hopped 3 | . . . 3 . . Cave-ins Triggered . | . . . . . . Exploration Rate (%) 25 | 5 26 33 46 32 8 Regions Visited 5 Branch Regions 1 Pre-discovered Areas . | . . . . . . Known Exits Taken . | . . . . . . Unknown Exits Taken 5 | 1 1 1 1 1 . Scrap Searched . | . . . . . . Spaces Dug . | . . . . . . Terrain Destroyed 133 | . . . . 99 34 Melee . | . . . . . . Projectile 10 | . . . . 9 1 AOE 123 | . . . . 90 33 Terrain Rammed . | . . . . . . Walls Destroyed . | . . . . . . Machines Disabled . | . . . . . . Actions | -11 -10 -9 -9 -8 -7 --------- Run | Yrd Mat Mat Sto Mat Fac Total 1724 | 173 125 263 193 558 412 Wait 122 | 69 7 . . 41 5 Move 1330 | 86 109 240 171 392 332 Hop 3 | . . . 3 . . Pick Up 43 | 12 4 3 1 15 8 Fast Attach 19 | . . 3 4 7 5 Attach 27 | 6 . 3 . 8 10 Detach 4 | . . 3 . 1 . Swap 23 | . . 5 1 15 2 Drop 32 | . 3 6 3 16 4 Fire 93 | . 2 . 10 36 45 Melee 27 | . . . . 27 . Ram 1 | . . . . . 1 Kick . | . . . . . . Crush . | . . . . . . Escape Stasis . | . . . . . . Rewire . | . . . . . . Trap . | . . . . . . Miscellaneous . | . . . . . . Route ------- -11/Scrapyard -10/Materials -9/Materials -9/Storage -8/Materials -7/Factory History --------- Turn | Location | Event 7 | -11/Scrapyard | Discovered new exit (range 16) 216 | -11/Scrapyard | Entered Materials 312 | -10/Materials | Build established: Mutant 337 | -10/Materials | Discovered new exit (range 6) 409 | -10/Materials | Entered another Materials area 409 | -9/Materials | Evolved 2 slots: Propulsion x1, Utility x1 494 | -9/Materials | Discovered new exit (range 15) 514 | -9/Materials | Entered Storage 595 | -9/Storage | Discovered new exit (range 10) 605 | -9/Storage | Entered Materials 605 | -8/Materials | Evolved 2 slots: Power x1, Propulsion x1 1198 | -8/Materials | Lost 3 parts (3n) 1386 | -8/Materials | Discovered new exit (range 10) 1476 | -8/Materials | Entered Factory 1476 | -7/Factory | Evolved 2 slots: Power x1, Utility x1 2028 | -7/Factory | Lost 12 parts (4p4n2u2w) 2043 | -7/Factory | Destroyed 7 combat bots 2089 | -7/Factory | Core integrity fell below 50% 2128 | -7/Factory | Lost 4 parts (1p1u2w) 2274 | -7/Factory | Released all parts (3) 2275 | -7/Factory | Core integrity fell below 20% 2330 | -7/Factory | Destroyed by H-61 Shepherd with Heavy Assault Cannon Last Messages --------------- 02183_ U-05 Engineer builds a Door. 02226_ ALERT: Rogue bot located, Programmers report to Factory Zone 9E. 02262_ Pulse Rifle destroyed. 02264_ K-01 Serf collects debris. 02273_ System corrupted: Heat flow error (+119). 02274_ Released Med. Storage Unit. 02274_ Released Corruption Screen. 02274_ Released Imp. Field Recycling Unit. 02274_ K-01 Serf collects debris. 02275_ Acquired Minigun. 02277_ Acquired Hvy. Missile Launcher. 02278_ K-01 Serf collects debris. 02299_ Hvy. Missile Launcher destroyed. 02308_ Door malfunctions. 02315_ K-01 Serf cleans the Neutrino Reactor. 02322_ Aluminum Leg destroyed. 02324_ U-05 Engineer repairs door. 02325_ Minigun destroyed. Map ----- +----------------------------------------------------+ | ?????????????????????????????????????????????????? | | ?????????????????????????????????????????????????? | | ?????????????????????????????????????????????????? | | ?????#+#+##??????????????????????????????????????? | | ?????# ??????????????????????????????????????? | | ?????# #?????????????????????????????????????? | | ?????# #?????????????????????????????????????? | | ?????# #?????????????????????????????????????? | | ?????# ##########????????????????????????????? | | ?????# # #????????????????????????????? | | ?????# # "S #????????????????????????????? | | ?????# # """ #????????????????????????????? | | ?????# # "" ########?????????????????????? | | ?????# # + / ??????????????? | | ?????+ / """ ########?????????????????????? | | ?????# # """ #????????????????????????????? | | ?????# # """ #????????????????????????????? | | ###### # #????????????????????????????? | | #######+##????????????????????????????? | | #?????# #?????????????????????????????? | | #?????# #?################ ??????????? | | #????## ###% "?????????? | | #????# "?????????? | | #### ###????# ????????? | | #??# #??????# ????????? | | #??# #??????## @% ????????? | | #??# #???????# ###########???????????? | | ####+######### #?????????????????????? | | !! # #####k #?????????????????????? | | # """ """ #???# #?????????????????????? | | # """ """ #???# #?????????????????????? | | # """ """ #???# #?????????????????????? | | # #???# #?????????????????????? | | * # ]]! #??? ?????????????????????? | | ![ !/= ][! #??? ????????????????????? | | #% ][ #?? ???????????????????? | | #"" #?? ????????????????????? | | #"T +? H ????????????????????? | | #"" #?# ????????????????????? | | # #??? ????????????????????? | | ##############????? ?????????????????????? | | #????????????????????????????????????????????? | | #????????????????????????????????????????????? | | #????????????????????????????????????????????? | | +#######?????????????????????????????????????????? | | #?????????????????????????????????????????? | | """ #?????????????????????????????????????????? | | """ #?????????????????????????????????????????? | | """ #?????????????????????????????????????????? | | #?????????????????????????????????????????? | +----------------------------------------------------+ Best States ------------- Heat Dissipation 34 Coolant Potential 50 Energy Generation 34 Energy Capacity 370 Matter Stores 300 Matter Capacity 300 Sight Range 16 Terrain Scan Density 10 Corruption Block 8 Armor Coverage 225 Resistance: EX 25 Power Shielding 66 Propulsion Shielding 33 Evasion (%) 63 Recoil Reduction 2 Item Schematics ----------------- Xenon Bombardment Thruster | -7/Factory | Hacked Robot Schematics ------------------ None Fabricated ------------ Nothing Alien Tech Used ----------------- None Achievements -------------- None Challenges ------------ None Game ------ Seed FireBurstProjector Manual? 0 Play Time 00:38:04 Cumulative 31.2 hours Start 2024.06.06 @ 16:35:46 End 2024.06.06 @ 17:29:22 Sessions 1 Manual Loads 0 Difficulty Rogue Special Mode None Game No. 55 Rogue 55 Adventurer 0 Explorer 0 Win Type - Total 0 Types 0/0/0/0/0/0/0/0/0 Lore% 21 Gallery% 31 Achievement% 22 Wizard Run 0 Options --------- Layout 1 ASCII 0 Keyboard 0 Movement Mouse Keybinds 0 Fullscreen 1 Font 32/SmallcapsGlow Map View 50x35 Zoom Use 0% Tactical HUD 1 Map Filters NONE Filters NONE Steam 1 RUN: 00e11df6-438b-43a3-b24a-9ff1150394e3